 Dungeon Crawl Stone Soup version 0.29-a0-919-gd064cfad1c (webtiles) character file.

Game seed: 16720153671001907151

25 IdlyInterested the Charlatan (level 2, 0/21 HPs)
             Began as a Demonspawn Wanderer on July 26, 2022.
             Shot with an arrow by a centaur (6 damage)
             ... on level 3 of the Dungeon.
             The game lasted 00:04:30 (1863 turns).

IdlyInterested the Charlatan (Demonspawn Wanderer)  Turns: 1863, Time: 00:04:31

Health: 0/21       AC: 10    Str: 12    XL:     2   Next: 86%
Magic:  2/2        EV:  5    Int: 12    God:
Gold:   99         SH:  0    Dex: 15    Spells: 1/1 levels left

rFire   . . .      SeeInvis .   k - +1 short sword (freeze)
rCold   . . .      Faith    .   (no shield)
rNeg    . . .      Spirit   .   m - +0 chain mail
rPois   +          Reflect  .   (no helmet)
rElec   .          Harm     .   (no cloak)
rCorr   .          Rampage  .   l - +0 pair of gloves {Stlth+}
Will    .....                   n - +0 pair of boots
Stlth   ..........              e - amulet of magic regeneration
HPRegen 0.07/turn               g - ring of poison resistance
MPRegen 0.48/turn               (no ring)

@: no status effects
A: big brain 1
a: no special abilities


You were on level 3 of the Dungeon.
You visited 1 branch of the dungeon, and saw 3 of its levels.

You collected 99 gold pieces.

Inventory:

Hand Weapons
 a - a +0 vorpal short sword
 k - a +1 short sword of freezing (weapon)
Missiles
 j - 8 poisoned darts
Armour
 d - a +0 leather armour
 i - a +0 ring mail
 l - a +0 pair of gloves of stealth (worn)
 m - a +0 chain mail (worn)
 n - a +0 pair of boots (worn)
Magical Staves
 h - a staff of conjuration
Jewellery
 e - an amulet of magic regeneration (around neck)
 g - a ring of poison resistance (left hand)
Wands
 b - a wand of polymorph (11) (quivered)
Scrolls
 c - 2 scrolls of teleportation
 p - a scroll of identify
Potions
 f - a potion of lignification
 o - a potion of curing


   Skills:
 + Level 1.6 Fighting
 * Level 2.0 Short Blades
 - Level 1.0 Throwing
 - Level 2.0 Armour
 + Level 0.6 Stealth
 - Level 5.0 Evocations


You had one spell level left.
You didn't know any spells.
Your spell library contained the following spells:

 Spells                   Type           Power      Damage    Failure   Level
 Ensorcelled Hibernation  Hex/Ice        0%         N/A       100%        2
 Passwall                 Tmut/Erth      0%         N/A       100%        2
 Swiftness                Air            0%         N/A       100%        3
 Hailstorm                Conj/Ice       0%         3d3       100%        4
 Ice Form                 Ice/Tmut       0%         N/A       100%        4
 Leda's Liquefaction      Hex/Erth       0%         N/A       100%        4
 Lee's Rapid Deconstruct  Erth           0%         3d5*      100%        5
 Simulacrum               Ice/Necr       0%         N/A       100%        6
 Statue Form              Tmut/Erth      0%         N/A       100%        6


Dungeon Overview and Level Annotations

Branches:
Dungeon (3/15)

Altars:


Innate Abilities, Weirdness & Mutations

You have an unusually large brain. (Int +2)


Message History

You barely miss the jackal.
The jackal bites you but does no damage.
You hit the jackal. You freeze the jackal.
The jackal is almost dead.
The jackal barely misses you. x2
You hit the jackal. You freeze the jackal.
You kill the jackal!
You start resting.
HP restored.
Found a dagger.
You see here a jackal corpse.
You see here a +0 dagger.
Found 5 stones.
You open the door.
Found an escape hatch in the floor.
There is an open door here.
A hobgoblin comes into view.
Found a scroll of identify.
The hobgoblin barely misses you.
You hit the hobgoblin. You freeze the hobgoblin.
The hobgoblin is almost dead.
The hobgoblin hits you but does no damage.
You hit the hobgoblin. You freeze the hobgoblin.
You kill the hobgoblin!
Your Short Blades skill increases to level 2!
p - a scroll of identify You open the door.
There is an open door here.
Found a robe.
You see here a +0 robe.
A hobgoblin and a bat come into view.
The hobgoblin shouts!
You hear a shout!
A centaur comes into view.
The bat barely misses you. x2
An endoplasm comes into view.
You closely miss the bat. The bat hits you.
The centaur wields a +0 shortbow.
The centaur shoots an arrow.
The arrow hits you!
Ouch! That really hurt!
* * * LOW HITPOINT WARNING * * *
The centaur shoots an arrow.
The arrow hits you.
You die...

.........#
.........#
.........#
.J.......#
..c......#
........b#
.........#
.....g.@.#
......##.#
..... #[# ....
#.#....########
...
#.#...........#
..
#.#...........#
#
#.#.........>.#
#.#...........#
#.#...........#


You could see a centaur, an endoplasm, a hobgoblin and a bat.

Vanquished Creatures
  A dart slug (D:2)
  2 endoplasms
  A giant cockroach (D:2)
  3 hobgoblins
  4 jackals (D:3)
  A kobold (D:2)
  3 quokkas
  2 ball pythons (D:2)
  A bat (D:1)
  A frilled lizard (D:1)
  A rat (D:2)
20 creatures vanquished.

Notes
Turn   | Place    | Note
-------+----------+-------------------------------------------
     0 | D:1      | IdlyInterested the Demonspawn Wanderer began the quest for
                  | the Orb.
     0 | D:1      | IdlyInterested set off with the following items: a +0 short
                  | sword, a wand of polymorph (11), 2 scrolls of
                  | teleportation, a +0 leather armour.
     0 | D:1      | Reached XP level 1. HP: 15/15 MP: 1/1
   492 | D:1      | Noticed a great orb of eyes
   498 | D:1      | Found a faded altar of an unknown god.
   500 | D:1      | Noticed an eye of devastation
   500 | D:1      | Noticed a shining eye
   500 | D:1      | Noticed a shining eye
  1153 | D:2      | Gained mutation: You have an unusually large brain. (Int
                  | +2) [demonic ancestry]
  1153 | D:2      | Reached XP level 2. HP: 18/21 MP: 2/2
  1861 | D:3      | Noticed a centaur
  1863 | D:3      | Shot with an arrow by a centaur

Illustrated notes

Levels and vault maps discovered:
D:1:      psy_arrival_conway, layout_basic,
          hellmonk_ecumenical_altar_watching_god
D:2:      layout_rooms, minivault_26, kennysheep_generic_room_4
D:3:      layout_basic, mainiacjoe_overflow_tiny_flanked, uniq_sigmund,
          uniq_terence, uniq_pargi

Skill      XL: |  1  2 |
---------------+-------+-----
Armour         | 2 |  2.0
Short Blades   | 2 |  2.0
Fighting       | |  1.6
Throwing       | |  1.0
Stealth        | |  0.6
Evocations     | |  5.0

Action                   || total
-------------------------++-------
Melee: Short sword       ||    59
  Use: Scroll            ||     3
 Stab: Sleeping          ||     2
       Distracted        ||     1
Armor: Ring mail         ||    14
       Chain mail        ||    12
Dodge: Dodged            ||    33

Table legend: (Time is in decaauts)
 A = Elapsed time spent in this place.
 B = Non-inter-level travel time spent in this place.
 C = Inter-level travel time spent in this place.
 D = Time resting spent in this place.
 E = Time spent auto-exploring this place.
 F = Levels seen in this place.
 G = Mean time per level.
                   A        B        C        D        E       F      G
               +--------+--------+--------+--------+--------+-----+--------+
         Total |   1869 |   1643 |    226 |    366 |    986 |   3 |  623.0 |
       Dungeon |   1869 |   1643 |    226 |    366 |    986 |   3 |  623.0 |
               +--------+--------+--------+--------+--------+-----+--------+

Top non-repeatable levels by time:
     D:1: 1021 daAuts
     D:2: 695 daAuts
     D:3: 153 daAuts
